 Dungeon Crawl Stone Soup version 0.18-a0-844-g9229740 (webtiles) character file.

1831 M4edhros the Covert (level 9, -10/55 HPs)
             Began as an Octopode Artificer on Dec 18, 2015.
             Mangled by an ice beast (11 damage)
             ... on level 7 of the Dungeon.
             The game lasted 00:13:05 (5528 turns).

M4edhros the Covert (Octopode Artificer)            Turns: 5528, Time: 00:13:05

Health: -10/55     AC:  1    Str: 10    XL:     9   Next: 11%
Magic:  13/13      EV: 20    Int: 17    God:
Gold:   239        SH:  0    Dex: 13    Spells: 0 memorised, 8 levels left

rFire  + . .     SeeInvis .     t - +3 hunting sling (evade)
rCold  . . .     Gourm    .     (no shield)
rNeg   . . .     Faith    .     (helmet restricted)
rPois  +         Spirit   .     (no amulet)
rElec  .         Dismiss  .     e - ring of protection from magic
rCorr  .         Reflect  .     j - ring of flight
SustAt .         Harm     .     q - ring of protection from fire
MR     +....                    D - ring of poison resistance
Stlth  ++++++....               (no ring)
                                (no ring)
                                (no ring)
                                (no ring)

@: somewhat resistant to hostile enchantments, very stealthy
A: almost no armour, amphibious, 8 rings, constrict 8, camouflage 1, gelatinous
body 1
a: Evoke Flight


You were on level 7 of the Dungeon.
You were near starving.

You visited 1 branch of the dungeon, and saw 7 of its levels.
You also visited: Ossuary.

You collected 239 gold pieces.

Inventory:

Hand Weapons
 a - a +0 short sword
 h - a +2 trident of venom
 p - a +4 vampiric dagger
 t - a +3 hunting sling of evasion (weapon)
 I - a +1 rapier of flaming
Missiles
 g - 167 stones (quivered)
 m - 3 curare-tipped needles
 r - 2 javelins of penetration
 s - 20 sling bullets
Jewellery
 e - a ring of protection from magic (left tentacle)
 j - a ring of flight (right tentacle)
 q - a ring of protection from fire (on tentacle)
 D - a ring of poison resistance (on tentacle)
Wands
 b - a wand of flame (3)
 c - a wand of enslavement (8)
 d - a wand of random effects (0)
 n - a wand of teleportation (6)
 o - a wand of polymorph (0)
 x - a wand of cold (1)
 F - a wand of heal wounds (5)
Scrolls
 i - 2 scrolls of immolation
 u - 2 scrolls of blinking
 v - 2 scrolls of teleportation
 y - 4 scrolls of remove curse
 H - a scroll of identify
Potions
 k - 3 potions of flight
 B - a potion of curing
 C - a potion of heal wounds
Comestibles
 f - 6 bread rations
 l - 3 fruits


   Skills:
 + Level 2.8 Fighting
 - Level 1.0 Short Blades
 * Level 4.7 Slings
 * Level 6.4 Dodging
 * Level 9.2 Stealth
 + Level 5.9 Evocations


You had 8 spell levels left.
You didn't know any spells.

Dungeon Overview and Level Annotations

Branches:
Dungeon (7/15)
 Temple: D:4-7

Altars:
Nemelex Xobeh
Zin

Shops:
D:2 *

Annotations:
D:3 JokEr's ghost, amateur OpTm
D:4 Sigmund


Innate Abilities, Weirdness & Mutations

You cannot wear most types of armour.
You are amphibious.
You can wear up to eight rings at the same time.
You can use your tentacles to constrict eight enemies at once.
Your skin changes colour to match your surroundings (Stealth).
Your rubbery body absorbs attacks (AC +1).


Message History

You shoot a stone. The stone hits the ice beast.
The ice beast is severely wounded.
Firing (i - inventory. (,) - cycle):
g - 168 stones (quivered)
Press: ? - help, Shift-Dir - straight line, f/p - ice beast
Aim: an ice beast (severely wounded)
You shoot a stone.
The stone hits the ice beast but does no damage.
The ice beast is severely wounded.
The ice beast hits you. The ice beast freezes you!
* * * LOW HITPOINT WARNING * * *
Evoke which item? (* to show all) (? for menu, Esc to quit)
Zapping:
b - a wand of flame (4)
Press: ? - help, Shift-Dir - straight line, f/p - ice beast
Aim: an ice beast (severely wounded)
The puff of flame hits the ice beast.
The ice beast is severely wounded.
This wand has 3 charges left.
The ice beast hits you.
* * * LOW HITPOINT WARNING * * *
The ice beast freezes you!
You die...

...... ...(..
..... ....(.
... #(#
##.####(######
#...#.........#
. ##..#
#...Y.....# .#
#..#
#.<.@.....# ..
#<# #.........#
.## #.#
#.........#
..####.#
#.=.......#
##.##...#
#.........#
.#.##.###
##...#.####
.#.##.#
##.#.#.#
......#
#####).#.#.$
#..####
#..).)##.##.#


You could see an ice beast.

Vanquished Creatures
  Eustachio (D:6)
  A wolf (D:4)
  A water moccasin (D:6)
  A sky beast (D:6)
  Duvessa (D:4)
  An ice beast (D:6)
  A phantom (D:7)
  A centaur (D:6)
  3 ogres
  A giant frog (D:6)
  3 killer bees (D:6)
  4 orc priests
  A hound (D:6)
  4 worker ants
  2 hound skeletons (D:4)
  3 mummies
  4 gnolls (D:7)
  A worker ant zombie (D:5)
  7 adders
  A shadow imp (D:5)
  2 oozes
  A worm (D:5)
  4 adder skeletons
  An adder zombie (Ossuary)
  15 orcs
  5 goblins
  2 hobgoblins
  2 quokkas (D:3)
  2 bats
  5 giant cockroaches
  4 giant geckos (D:6)
  3 giant newts
  A goblin zombie (Ossuary)
  2 hobgoblin zombies (Ossuary)
  A jackal skeleton (D:4)
  2 kobolds
  3 kobold zombies (Ossuary)
  An orc zombie (Ossuary)
  2 quokka zombies (Ossuary)
  3 rats
  2 rat zombies (Ossuary)
105 creatures vanquished.

Vanquished Creatures (collateral kills)
  An ice beast (D:6)
  A mummy (Ossuary)
  A giant gecko (D:6)
  A gnoll zombie (Ossuary)
  A giant newt (D:6)
  4 goblin zombies (Ossuary)
  A quokka zombie (Ossuary)
10 creatures vanquished.

Vanquished Creatures (others)
  An orc (D:3)
1 creature vanquished.

Grand Total: 116 creatures vanquished

Notes
Turn   | Place    | Note
--------------------------------------------------------------
     0 | D:1      | M4edhros the Octopode Artificer began the quest for the Orb.
     0 | D:1      | Reached XP level 1. HP: 13/13 MP: 3/3
    88 | D:1      | Reached XP level 2. HP: 18/18 MP: 4/4
   154 | D:2      | Found Zin's Purification Station.
   161 | D:2      | Found a glowing silver altar of Zin.
   340 | D:3      | Reached XP level 3. HP: 23/23 MP: 5/5
   367 | D:3      | Reached XP level 4. HP: 18/28 MP: 6/6
   509 | D:3      | Reached skill level 4 in Evocations
   917 | D:4      | Noticed Sigmund
  1281 | D:4      | Noticed Duvessa
  1367 | D:3      | Reached XP level 5. HP: 24/33 MP: 8/8
  1413 | D:3      | Noticed JokEr's ghost (amateur OpTm)
  1805 | D:4      | Noticed Dowan
  1809 | D:4      | Noticed Dowan
  1809 | D:4      | Dowan changed into Dowan the wolf
  1815 | D:4      | Killed Dowan the wolf
  1815 | D:4      | Reached skill level 5 in Stealth
  1815 | D:4      | Reached XP level 6. HP: 20/38 MP: 9/9
  2050 | D:4      | Killed Duvessa
  2206 | D:4      | Reached skill level 1 in Slings
  2206 | D:4      | Reached skill level 6 in Stealth
  2206 | D:4      | Reached XP level 7. HP: 43/43 MP: 10/10
  2355 | D:5      | Entered Level 5 of the Dungeon
  2442 | D:5      | Found a sparkling altar of Nemelex Xobeh.
  2912 | D:5      | Reached skill level 5 in Evocations
  3020 | D:6      | Found a glowing drain.
  3252 | D:6      | Reached skill level 5 in Dodging
  3351 | D:6      | Found a sand-covered staircase.
  3473 | Ossuary  | Entered an ossuary
  3877 | D:6      | Reached skill level 7 in Stealth
  4192 | D:6      | Reached XP level 8. HP: 48/48 MP: 11/11
  4397 | D:6      | Noticed Eustachio
  4405 | D:6      | Killed Eustachio
  4588 | D:6      | Reached skill level 8 in Stealth
  5283 | D:6      | Reached XP level 9. HP: 45/55 MP: 13/13
  5422 | D:7      | Reached skill level 9 in Stealth
  5528 | D:7      | HP: 1/55 [ice beast (4)]
  5528 | D:7      | Mangled by an ice beast

Vault maps used:
D:1:      onia_arrival_larder
D:2:      zin_purify, lemuel_coloured_pillars_altar
D:3:      gammafunk_temple_overflow_wave, serial_park_tiny_2,
          hangedman_decor_push
D:4:      first_bread, uniq_sigmund, uniq_duvessa
D:5:      slow_altar_2, marbit_many_paths, serial_bayou_lagoon_b
D:6:      portal_sewer_entry_f, gup_ossuary_entry_pyramid,
          kennysheep_nondescript, uniq_eustachio
D:7:      trog_eyes_of_draining, minmay_temple_entry_statues_pillars
Ossuary:  ossuary_minmay_chase

Action                   |  1- 3 |  4- 6 |  7- 9 || total
-------------------------+-------+-------+-------++-------
Melee: Short sword       |    39 |    39 |     2 ||    80
       Hunting sling     |       |     1 |     5 ||     6
       Trident           |       |       |    83 ||    83
       Rapier            |       |       |     4 ||     4
 Fire: Hunting sling     |       |    37 |   133 ||   170
Evoke: Wand              |     7 |     9 |    29 ||    45
  Use: Potion            |     3 |     4 |     5 ||    12
       Scroll            |       |     3 |     8 ||    11
 Stab: Sleeping          |     3 |     4 |    13 ||    20
       Paralysed         |     2 |     3 |       ||     5
       Distracted        |       |       |     1 ||     1
  Eat: Chunk             |       |     1 |     8 ||     9
       Royal jelly       |       |     1 |       ||     1
       Pizza             |       |       |     1 ||     1
